 Dungeon Crawl Stone Soup version 0.25-a0-632-g7713895373 (webtiles) character file.

Game seed: 2402765765661162040, levelgen mode: classic

46 EnegeticOcto the Skirmisher (level 3, -2/26 HPs)
             Began as an Octopode Abyssal Knight on Mar 19, 2020.
             Was a Follower of Lugonu.
             Slain by a gnoll
             ... wielding a +0 spear
              (9 damage)
             ... on level 2 of the Dungeon.
             The game lasted 00:01:23 (1904 turns).

EnegeticOcto the Skirmisher (OpAK)                  Turns: 1904, Time: 00:01:24

Health: -2/26      AC:  1    Str: 11    XL:     3   Next: 68%
Magic:  4/4        EV: 14    Int: 14    God:    Lugonu [*.....]
Gold:   72         SH:  0    Dex: 12    Spells: 2/2 levels left

rFire    . . .     SeeInvis .   a - +1 falchion
rCold    . . .     Gourm    .   (no shield)
rNeg     . . .     Faith    .   (helmet restricted)
rPois    .         Spirit   .   g - amulet of magic regeneration
rElec    .         Reflect  .   (no ring)
rCorr    .         Harm     .   (no ring)
MR       .....                  (no ring)
Stlth    ++........             (no ring)
HPRegen  0.08/turn              (no ring)
MPRegen  0.34/turn              (no ring)
                                (no ring)
                                (no ring)

@: no status effects
A: almost no armour, stealthy swim, amphibious, 8 rings, constrict 8, camouflage
1, gelatinous body 1
a: Depart the Abyss, Renounce Religion


You were on level 2 of the Dungeon.
You worshipped Lugonu.
Lugonu was aware of your devotion.
You were not hungry.

You visited 1 branch of the dungeon, and saw 2 of its levels.
You visited the Abyss 1 time.

You collected 72 gold pieces.

Inventory:

Hand Weapons
 a - a +1 falchion (weapon)
Jewellery
 f - a cursed ring of teleportation {unknown}
 g - an amulet of magic regeneration (around mantle)
Wands
 b - a wand of acid (10) {@v1}
Scrolls
 c - a scroll of fear {unknown}
 d - 2 scrolls of identify {unknown}
 j - a scroll of teleportation {unknown}
Potions
 h - a potion of curing {unknown}
 i - a potion of degeneration {unknown}
 k - 2 potions of haste {unknown}
Comestibles
 e - 4 rations
 l - a chunk of flesh


   Skills:
 + Level 3.3 Fighting
 * Level 2.9 Long Blades
 + Level 2.8 Dodging
 + Level 2.5 Invocations


You had 2 spell levels left.
You didn't know any spells.
Your spell library was empty.

Dungeon Overview and Level Annotations

Branches:
Dungeon (2/15)

Altars:


Innate Abilities, Weirdness & Mutations

You cannot wear most types of armour.
You are very stealthy in the water. (Stealth+)
You are amphibious.
You can wear up to eight rings at the same time.
You can use your tentacles to constrict eight enemies at once.
Your skin changes colour to match your surroundings (Stealth+).
Your rubbery body absorbs attacks. (AC +1, EV +1)


Message History

The adder bites you.
You are poisoned.
The adder poisons you!
You miss the adder. Your grab misses the adder.
You feel sick. The adder closely misses you.
You riposte.
You barely miss the adder. Your grab misses the adder. The adder misses you.
You closely miss the adder. You grab the adder.
You constrict the adder, but do no damage.
The adder closely misses you.
You hit the adder.
The adder is heavily wounded.
You constrict the adder.
You feel sick. The adder barely misses you.
You riposte.
You hit the adder.
You kill the adder!
Lugonu accepts your kill.
No target in view!
You start resting.
You feel sick. x3
You are no longer poisoned.
You start resting.
HP restored.
The phantom blinks!
A ball python comes into view.
Found a blue potion.
The phantom hits you. The phantom hits you.
The phantom blinks!
There is a stone staircase leading up here.
You start resting.
The phantom is too close now for your liking.
The phantom blinks!
You climb upwards.
There is a stone staircase leading down here.
You start resting.
HP restored.
You climb downwards.
The phantom blinks!
There is a stone staircase leading up here.
You start waiting.
The phantom is too close now for your liking.
The phantom hits you.
You climb upwards.
There is a stone staircase leading down here.
You hit the phantom.
The phantom is lightly damaged.
The phantom hits you!
The phantom blinks!
You climb downwards.
There is a stone staircase leading up here.
You are feeling hungry.
HP restored.
e - 3 rations (gained 1)
You see here a leather armour.
i - a blue potion The ball python is too close now for your liking.
The helpless ball python fails to defend itself.
You hit the ball python. You grab the ball python.
The ball python is severely wounded.
You constrict the ball python.
You kill the ball python!
Lugonu accepts your kill.
No target in view!
No target in view!
No target in view!
No target in view!
No target in view!
You butcher the ball python corpse.
l - 2 chunks of flesh You see here a ball python skeleton. x2
Eating one of 2 chunks of flesh.
You eat one of the 2 chunks of flesh.
This raw flesh tastes terrible.
Found a dagger.
e - 4 rations (gained 1)
A gnoll comes into view. It is wielding a +0 halberd.
The gnoll shouts!
You hear a shout! x3
A gnoll comes into view. It is wielding a +0 spear.
An adder comes into view.
The adder moves out of view.
The gnoll hits you with a +0 halberd!
You hit the gnoll but do no damage. Your grab misses the gnoll.
The gnoll completely misses you. The gnoll barely misses you.
You hit the gnoll. Your grab misses the gnoll.
The gnoll is heavily wounded.
The gnoll barely misses you. The gnoll hits you with a +0 halberd!
The gnoll barely misses you.
You barely miss the gnoll. Your grab misses the gnoll.
Your squeeze misses the gnoll.
The gnoll is heavily wounded.
The gnoll closely misses you.
You riposte.
You closely miss the gnoll. You grab the gnoll.
The gnoll is heavily wounded.
The gnoll hits you from afar with a +0 spear.
* * * LOW HITPOINT WARNING * * *
A gnoll comes into view.
You hit the gnoll.
The gnoll is severely wounded.
You constrict the gnoll, but do no damage.
The gnoll completely misses you. The gnoll misses you.
You hit the gnoll.
You kill the gnoll!
Lugonu accepts your kill.
The gnoll hits you from afar with a +0 spear!
You die...

#..#.#.#.####...
#..#.#<#... .##
#...รท###.### #
#.######.#.
#.#........
#...#.!.##
##.........
#.##...### #@#
...# #)# ..)#
#g# ##.# #g? .#
###. # g# #


You could see 2 gnolls.

Vanquished Creatures
  A gnoll (D:2)
  An adder (D:2)
  5 bats (D:1)
  2 giant cockroaches (D:1)
  5 goblins (D:1)
  5 hobgoblins (D:1)
  3 kobolds (D:1)
  A ball python (D:2)
  4 frilled lizards (D:1)
  A rat (D:1)
28 creatures vanquished.

Notes
Turn   | Place    | Note
-------+----------+-------------------------------------------
     0 | Abyss:1  | EnegeticOcto the Octopode Abyssal Knight began the quest
                  | for the Orb.
     0 | Abyss:1  | Reached XP level 1. HP: 16/16 MP: 2/2
    48 | D:1      | Escaped the Abyss
   266 | D:1      | Reached * piety under Lugonu
   268 | D:1      | Reached XP level 2. HP: 16/21 MP: 3/3
   937 | D:1      | Reached XP level 3. HP: 15/26 MP: 4/4
  1506 | D:2      | Noticed a phantom
  1904 | D:2      | Slain by a gnoll

Levels and vault maps discovered:
D:1:      dpeg_arrival_snail, layout_basic, kennysheep_doodads
D:2:      layout_basic, overflow_temple_1_default, lemuel_round_altar,
          overflow_temple_1_default, uniq_robin

Action                   || total
-------------------------++-------
Melee: Falchion          ||    54
       Constrict         ||    15
       Tentacles         ||     7
Invok: Depart the Abyss  ||     1
 Stab: Sleeping          ||     6
  Eat: Chunk             ||     3
Armor: Skin              ||     5
Dodge: Dodged            ||    37
       Rpst.: Falchion   ||    13

Table legend:
 A = Non-vault XP
 B = Vault XP
 C = Vault XP percentage of total XP
 D = Non-vault monster count
 E = Vault monster count
 F = Vault count percentage of total count
                 A         B        C        D         E       F
            +---------+---------+-------+---------+---------+-------
      Total |      67 |       0 |   0.0 |      28 |       0 |   0.0
            +---------+---------+-------+---------+---------+-------
        D:1 |      39 |       0 |   0.0 |      25 |       0 |   0.0
        D:2 |      28 |       0 |   0.0 |       3 |       0 |   0.0
            +---------+---------+-------+---------+---------+-------
